 Dungeon Crawl Stone Soup version 0.15.2 (webtiles) character file.

28 HopeRidesAlone the Insei (level 2, -29/24 HPs)
             Began as a Mummy Monk on Oct 24, 2015.
             Killed from afar by a goblin (49 damage)
             ... with an exploding inner flame
             ... hexed by the player character
             ... on Level 2 of the Dungeon.
             The game lasted 00:01:45 (1032 turns).

HopeRidesAlone the Insei (Mummy Monk)               Turns: 1032, Time: 00:01:46

HP -29/24        AC  1     Str 14      XL: 2   Next: 96%
MP   2/2         EV 13     Int  9      God:
Gold 35          SH  0     Dex 14      Spells:  0 memorised,  1 level left

rFire  x . .     SeeInvis .       - Unarmed
rCold  + . .     Clarity  .     (no armour)
rNeg   + + +     rCorr    .     (no shield)
rPois  +         rRot     +     (no helmet)
rElec  .         Spirit   .     i - +0 cloak
SustAb .         Warding  .     (no gloves)
rMut   .         Stasis   .     (no boots)
Gourm  .                        (no amulet)
MR     .....                    k - cursed ring of loudness
                                (no ring)

@: not resistant to hostile enchantments, very unstealthy
A: no food or potions, fire vulnerability, restore body, cold resistance 1,
negative energy resistance 3, poison resistance, torment resistance, unbreathing
a: no special abilities


You were on level 2 of the Dungeon.
You were not hungry.

You visited 1 branch of the dungeon, and saw 2 of its levels.

You collected 35 gold pieces.


Innate Abilities, Weirdness & Mutations

You do not eat or drink.
Your flesh is vulnerable to fire.
Your flesh is cold resistant.
You are immune to negative energy.
Your system is resistant to poisons.
You are immune to unholy pain and torment.
You can survive without breathing.


   Skills:
 - Level 3.0 Fighting
 - Level 2.4 Dodging
 - Level 1.5 Stealth
 + Level 4.1 Unarmed Combat


You had one spell level left.
You didn't know any spells.

Inventory:

Armour
 a - a +0 robe
 i - a +0 cloak (worn)
Scrolls
 b - a scroll of noise {unknown}
 c - a scroll of teleportation {unknown}
 d - a scroll of fear {unknown}
 h - a scroll of amnesia {unknown}
 j - a scroll of identify {unknown}
Jewellery
 k - a cursed ring of loudness (right hand)

Dungeon Overview and Level Annotations

Branches:
Dungeon (2/15)

Altars:

...##........# .
...##.....!..## ....
.####........#. .....
...##........#. ......
...##........#.##.......
.(.######..#.#........#
...# ##%#.#.####...#
...# ###...######...#
...#####..<..# #M###
.........##..# #####
...#.........#
###.##############
...#....####.#
#...............
##.#....'.# >.
#####...........
#.#....#.# .#.
#..............
#.#....#.# .#.
#..............
##.#....#.#
#..............
#..#....#.#
######.########


There were no monsters in sight!


Message History

You hit the bat.
You kill the bat!
No target in view!
No target in view!
k - an ivory ring Put on which piece of jewellery? (? for menu, Esc to quit)
Put ring on which hand? (Esc to cancel) < - no ring (left); > - no ring (right) Oops, that ring feels deathly cold.
k - a cursed ring of loudness (right hand)
A goblin comes into view. It is wielding a dagger.
The goblin shouts!
Read which item? (? for menu, Esc to quit)
As you read the scroll labeled VUNLIO PHUNA, it crumbles to dust.
The scroll dissolves into smoke.
It was a scroll of fog.
Read which item? (? for menu, Esc to quit)
As you read the scroll labeled YROASEINOST, it crumbles to dust.
It is a scroll of enchant weapon.
You aren't carrying any weapons that can be enchanted.
Read which item? (? for menu, Esc to quit)
As you read the scroll labeled RUOMU JUMI, it crumbles to dust.
The creatures around you are filled with an inner flame!
It was a scroll of immolation.
The goblin barely misses you.
You closely miss the goblin. The goblin hits you with a dagger.
You closely miss the goblin. The goblin hits you with a dagger.
You hit the goblin.
The goblin explodes!
The fiery explosion engulfs you! The fire burns you terribly!
Ouch! That really hurt!
You die...

Action                   || total
-------------------------++-------
Melee: Unarmed           ||    92
  Use: Scroll            ||     3
 Stab: Sleeping          ||     1

Vault maps used:
D:1:      eino_arrival_druids_welcome
D:2:      zin_statuary, first_bread

Notes
Turn   | Place    | Note
--------------------------------------------------------------
     0 | D:1      | HopeRidesAlone, the Mummy Monk, began the quest for the Orb.
     0 | D:1      | Reached XP level 1. HP: 18/18 MP: 1/1
   256 | D:1      | Reached XP level 2. HP: 13/24 MP: 2/2
   747 | D:2      | Reached skill level 4 in Unarmed Combat
  1032 | D:2      | Killed from afar by a goblin

Vanquished Creatures
  A giant gecko (D:1)
  3 bats
  A giant cockroach (D:1)
  7 goblins
  3 hobgoblins (D:1)
  3 kobolds
  3 giant newts
  4 rats (D:1)
25 creatures vanquished.
